[Event "December 19 Early 2023"]
[Site "https://www.chess.com"]
[Date "2023.12.19"]
[Round "9"]
[White "Dmitrenko, Viktor"]
[Black "Deveci, Huseyin Said"]
[Result "1-0"]
[Board "120"]
[TimeControl "180+1"]
[WhiteFideId "14110270"]
[BlackFideId "26322455"]
[WhiteElo "2292"]
[BlackElo "1954"]
[WhiteTeam "UKR"]
[BlackTeam "TUR"]
[WhiteClock "0:00:16"]
[BlackClock "0:00:04"]

1. e4 c5 2. Nf3 e6 3. c3 d5 4. e5 Nc6 5. d4 Qb6 6. Bd3 Bd7 7. O-O a6 8. dxc5 Bxc5 9. b4 Be7 10. Be3 Qc7 11. Re1 Nh6 12. Nbd2 Ng4 13. Bf4 h5 14. h3 Nh6 15. Nb3 O-O-O 16. Rc1 b5 17. Nbd4 Kb8 18. a4 Nxd4 19. Nxd4 Qb7 20. axb5 axb5 21. Qe2 g5 22. Be3 g4 23. Nxb5 gxh3 24. Ba7+ Kc8 25. Nd6+ Bxd6 26. Ba6 h2+ 27. Kh1 Bc7 28. Bxb7+ Kxb7 29. Ra1 Bb8 30. Qa6+ Kc7 31. Qd6+ Kb7 32. Qb6+ Kc8 33. Qxb8# 1-0

[Event "December 19 Early 2023"]
[Site "https://www.chess.com"]
[Date "2023.12.19"]
[Round "9"]
[White "Von Buelow, Georg"]
[Black "Lopusiewicz, Piotr"]
[Result "1-0"]
[Board "121"]
[TimeControl "180+1"]
[WhiteFideId "4620658"]
[BlackFideId "1116029"]
[WhiteElo "2244"]
[BlackElo "2286"]
[WhiteTeam "GER"]
[BlackTeam "POL"]
[WhiteClock "0:00:17"]
[BlackClock "0:00:00"]

1. e4 c5 2. Nf3 e6 3. d4 cxd4 4. Nxd4 Nf6 5. Nc3 Nc6 6. Ndb5 Bc5 7. Bf4 O-O 8. Bc7 Qe7 9. Bd6 Bxd6 10. Qxd6 Qd8 11. Qc7 Qxc7 12. Nxc7 Rb8 13. N7b5 a6 14. Nd6 Ne8 15. O-O-O Nxd6 16. Rxd6 Re8 17. Be2 Kf8 18. Rhd1 Ke7 19. f4 f6 20. g3 b5 21. a3 Nd8 22. Bf3 Nf7 23. R6d3 d6 24. h4 Bd7 25. Ne2 Rec8 26. c3 e5 27. f5 a5 28. Bh5 g6 29. fxg6 hxg6 30. Bxg6 Bg4 31. R1d2 Bxe2 32. Rxe2 Rb6 33. Red2 Rcc6 34. Kd1 Nh6 35. Ke2 b4 36. cxb4 axb4 37. a4 b3 38. Kf3 Rb4 39. g4 Rxa4 40. Rxb3 Ra7 41. Rbd3 Rb7 42. b3 Rb4 43. g5 fxg5 44. hxg5 1-0

[Event "December 19 Early 2023"]
[Site "https://www.chess.com"]
[Date "2023.12.19"]
[Round "9"]
[White "Petrova, Irina"]
[Black "Antunez Soler, Luis"]
[Result "1-0"]
[Board "122"]
[TimeControl "180+1"]
[WhiteFideId "14124122"]
[BlackFideId "3513335"]
[WhiteElo "2085"]
[BlackElo "2154"]
[WhiteTeam "UKR"]
[BlackTeam "CUB"]
[WhiteClock "0:00:10"]
[BlackClock "0:00:01"]

1. e4 e6 2. d4 d5 3. Nc3 Nf6 4. Bg5 Be7 5. e5 Nfd7 6. Bxe7 Qxe7 7. f4 a6 8. Nf3 c5 9. Qd2 Nc6 10. dxc5 Qxc5 11. Qf2 b5 12. Bd3 f6 13. Qxc5 Nxc5 14. O-O O-O 15. Ne2 Nb4 16. Rad1 f5 17. Ned4 Bd7 18. a3 Nbxd3 19. cxd3 Rfc8 20. Kf2 Rab8 21. Ke3 b4 22. Rc1 a5 23. Rf2 Na4 24. Rfc2 bxa3 25. Rxc8+ Rxc8 26. Rxc8+ Bxc8 27. bxa3 Kf7 28. Ng5+ Ke7 29. Nc6+ Kd7 30. Nxa5 h6 31. Nf3 Ba6 32. Nb3 Ke7 33. Nfd4 Bb7 34. Nb5 Bc6 35. Nd6 g5 36. g3 Bd7 37. Kd4 Bc6 38. Nc5 Nb2 39. Nc8+ Kf7 40. Nb6 Nd1 41. a4 Nf2 42. a5 Ng4 43. h3 Nf2 44. h4 g4 45. a6 Nh1 46. a7 Nxg3 47. Ke3 Nh1 48. d4 Ng3 49. Na6 Bb7 50. Nc7 Ne4 51. a8=Q Bxa8 52. Nbxa8 g3 53. Kf3 h5 54. Nb6 Ke7 55. Nb5 Kf7 56. Nc8 Kg6 57. Ncd6 Nd2+ 58. Kxg3 Nb3 59. Ne8 Kf7 60. Ned6+ Kg6 61. Kf3 Nd2+ 62. Ke3 Nf1+ 63. Kf2 Nd2 64. Nc7 Nb3 65. Nxe6 1-0

[Event "December 19 Early 2023"]
[Site "https://www.chess.com"]
[Date "2023.12.19"]
[Round "9"]
[White "Szyszylo, Rafal"]
[Black "Kuhn, Clement"]
[Result "1-0"]
[Board "123"]
[TimeControl "180+1"]
[WhiteFideId "1109626"]
[BlackFideId "36099775"]
[WhiteElo "1951"]
[BlackElo "2251"]
[WhiteTeam "POL"]
[BlackTeam "FRA"]
[WhiteClock "0:00:06"]
[BlackClock "0:00:00"]

1. e4 d5 2. exd5 Nf6 3. d4 Bg4 4. Be2 Bxe2 5. Qxe2 Qxd5 6. Nf3 Nc6 7. c3 O-O-O 8. O-O e6 9. Bf4 Qf5 10. Bg3 g5 11. Nbd2 h5 12. Ne5 Nxe5 13. Qxe5 Qxe5 14. Bxe5 Rh6 15. f4 g4 16. f5 Nd7 17. Bf4 Rh7 18. fxe6 fxe6 19. Rae1 Re8 20. Ne4 Be7 21. Bg5 Bxg5 22. Nxg5 Rhe7 23. Nf7 e5 24. d5 e4 25. d6 Re6 26. dxc7 Kxc7 27. Ng5 Re5 28. Nf7 Rd5 29. Re2 Nc5 30. Nh6 Red8 31. Rf7+ R8d7 32. Rxd7+ Rxd7 33. Nf5 Rd1+ 34. Kf2 Rh1 35. Kg3 Rf1 36. Ne3 Rb1 37. Kh4 Nd3 38. Kxh5 Nf4+ 39. Kxg4 Nxe2 40. h4 Rh1 41. g3 Rg1 42. Nf5 e3 43. Kf3 Nxg3 44. Nxg3 e2 45. Nxe2 Rh1 46. Kg4 Kd6 47. h5 Ke5 48. Ng3 Rg1 49. c4 b6 50. b4 Rg2 51. a4 Ra2 52. c5 bxc5 53. bxc5 Rxa4+ 54. Kg5 Ra3 55. Kg4 Ra1 56. h6 Ra6 57. Kg5 Ra3 58. Nh5 Ra1 59. h7 Rg1+ 60. Kh6 Kd5 61. h8=Q Kxc5 62. Qc3+ Kb5 63. Qd3+ 1-0

[Event "December 19 Early 2023"]
[Site "https://www.chess.com"]
[Date "2023.12.19"]
[Round "9"]
[White "Sanchez Alvares, Kelvin Antonio"]
[Black "Kraus, Tomas"]
[Result "0-1"]
[Board "124"]
[TimeControl "180+1"]
[WhiteFideId "3906680"]
[BlackFideId "331708"]
[WhiteElo "2217"]
[BlackElo "2371"]
[WhiteTeam "VEN"]
[BlackTeam "CZE"]
[WhiteClock "0:00:04"]
[BlackClock "0:00:09"]

1. e4 c5 2. Nf3 e6 3. d4 cxd4 4. Nxd4 a6 5. c4 Qc7 6. Nc3 Nf6 7. Be3 d6 8. Be2 Be7 9. O-O b6 10. f3 O-O 11. Qd2 Bb7 12. Rfc1 Nbd7 13. a4 Rab8 14. b4 Ne5 15. a5 bxa5 16. b5 Nxc4 17. Bxc4 Qxc4 18. Nd5 exd5 19. Rxc4 dxc4 20. bxa6 Bxa6 21. Nc6 Rbe8 22. Rxa5 Bb7 23. Nxe7+ Rxe7 24. Qxd6 Rd7 25. Qc5 Rc8 26. Qb4 c3 27. Ra1 c2 28. Rc1 Rd1+ 29. Kf2 Rxc1 30. Bxc1 Ba6 31. Qd4 h6 32. Qd6 Bb5 33. g4 Rc6 34. Qd8+ Kh7 35. Qa5 Bd3 36. Qd2 Bxe4 37. h4 h5 38. g5 Bxf3 39. Kxf3 Ng4 40. Qd3+ g6 41. Ke2 Re6+ 42. Kf1 Ne5 43. Qe3 Ng4 44. Qf3 Ne5 45. Qf4 Ng4 46. Qc4 Ne5 47. Qc3 Ng4 48. Qd2 Ne3+ 49. Kf2 Ng4+ 50. Kg2 Rd6 51. Qxc2 Re6 52. Qe2 Rxe2+ 53. Kf3 Rc2 54. Bf4 Rc4 55. Kg3 Rc3+ 56. Kg2 Rc4 57. Bg3 Rc3 58. Bf2 Rb3 59. Kg1 Ne3 60. Bg3 Ng4 61. Bf4 Rb2 62. Bd6 Rc2 63. Bg3 Ne3 64. Bb8 Rg2+ 65. Kh1 Rg4 66. Ba7 Rxh4+ 67. Kg1 Ng4 68. Kg2 Rh2+ 69. Kg3 Ra2 70. Bc5 Ra4 71. Be7 Ne5 72. Bd8 Nc6 73. Bc7 Ne7 74. Be5 Nd5 75. Bf6 Ne3 76. Kf2 Nf5 77. Kf3 h4 78. Be5 Ra3+ 79. Kg2 Rb3 80. Kh2 Rd3 81. Bf4 Kg8 82. Be5 Kf8 83. Bf4 Ke8 84. Be5 Kd7 85. Bf6 Ke6 0-1

[Event "December 19 Early 2023"]
[Site "https://www.chess.com"]
[Date "2023.12.19"]
[Round "9"]
[White "noblerone"]
[Black "Bon, Michael"]
[Result "1-0"]
[Board "125"]
[TimeControl "180+1"]
[BlackFideId "620696"]
[WhiteElo "2487"]
[BlackElo "2370"]
[BlackTeam "FRA"]
[WhiteClock "0:00:12"]
[BlackClock "0:00:03"]

1. d4 Nf6 2. Nf3 c5 3. e3 g6 4. Be2 Bg7 5. O-O O-O 6. b3 b6 7. Bb2 Bb7 8. c4 d6 9. d5 b5 10. Nc3 bxc4 11. Bxc4 Nbd7 12. Na4 Nb6 13. Nxb6 axb6 14. a4 Ra7 15. Re1 Qa8 16. e4 Rb8 17. h3 h6 18. Rb1 Ba6 19. Bxa6 Rxa6 20. e5 Nxd5 21. exd6 exd6 22. Bxg7 Kxg7 23. Qd3 b5 24. axb5 Rab6 25. Red1 Nf6 26. b4 Qe4 27. bxc5 dxc5 28. Qxe4 Nxe4 29. Re1 f5 30. Ne5 Rxb5 31. Rxb5 Rxb5 32. f3 Nc3 33. Nd7 Kf7 34. Ne5+ Kf6 35. Nd7+ Kg5 36. Re6 Na4 37. g3 h5 38. Nf8 Rb6 39. h4+ Kh6 40. Re7 Rb1+ 41. Kg2 Rb2+ 42. Kh3 Rb7 43. Rxb7 1-0

[Event "December 19 Early 2023"]
[Site "https://www.chess.com"]
[Date "2023.12.19"]
[Round "9"]
[White "Kolmagorov, Alexey"]
[Black "Rogov, Matfey"]
[Result "0-1"]
[Board "126"]
[TimeControl "180+1"]
[WhiteFideId "34129402"]
[BlackFideId "44191308"]
[WhiteElo "1989"]
[BlackElo "2057"]
[WhiteTeam "RUS"]
[BlackTeam "RUS"]
[WhiteClock "0:00:05"]
[BlackClock "0:00:21"]

1. Nf3 d5 2. d4 Nc6 3. g3 Bf5 4. Bg2 Nb4 5. Na3 e6 6. O-O h6 7. c3 Nc6 8. c4 Bxa3 9. bxa3 Nf6 10. Bb2 O-O 11. Rc1 Re8 12. Nd2 Rb8 13. Re1 Qd7 14. e4 dxe4 15. Nxe4 Nxe4 16. Bxe4 Bxe4 17. Rxe4 b5 18. cxb5 Rxb5 19. Qc2 Ne7 20. Bc3 Nd5 21. Bb4 a5 22. Bc5 Reb8 23. Re2 Nf6 24. Qc4 Qd5 25. Qxd5 Nxd5 26. Rcc2 h5 27. h4 Kh7 28. Kg2 Kg6 29. Kh2 Rb1 30. Kg2 Kf6 31. Kh2 Ra1 32. Rb2 Rxb2 33. Rxb2 Kf5 34. Kg2 f6 35. Rb5 a4 36. Ra5 Rxa2 37. Rxa4 Kg4 38. Rb4 Nxb4 39. axb4 Rb2 40. Bf8 g5 41. hxg5 fxg5 42. Be7 h4 43. gxh4 gxh4 44. Bc5 h3+ 45. Kg1 Kf3 46. Kh2 Rxf2+ 47. Kxh3 Rg2 48. Kh4 Rg8 49. Kh5 Ke4 50. Kh6 Kd5 51. Kh7 Rg4 52. Kh6 Rxd4 53. Bxd4 Kxd4 54. Kg5 e5 55. Kg4 e4 56. Kg3 e3 57. Kg2 Kd3 58. Kf1 Kd2 0-1

[Event "December 19 Early 2023"]
[Site "https://www.chess.com"]
[Date "2023.12.19"]
[Round "9"]
[White "Hoffmann, Asa"]
[Black "DeyanKostov"]
[Result "0-1"]
[Board "127"]
[TimeControl "180+1"]
[WhiteFideId "2001470"]
[WhiteElo "2117"]
[BlackElo "2465"]
[WhiteTeam "USA"]
[WhiteClock "0:00:17"]
[BlackClock "0:00:48"]

1. d4 d5 2. Bg5 c5 3. dxc5 Nc6 4. c3 f6 5. Bh4 e5 6. e4 dxe4 7. Qxd8+ Nxd8 8. Nd2 Bf5 9. Bb5+ Nc6 10. Ne2 Bxc5 11. Ng3 Be6 12. Ngxe4 Be7 13. O-O-O a6 14. Bxc6+ bxc6 15. f3 Nh6 16. b3 Kf7 17. Bf2 a5 18. a4 Rab8 19. Kc2 Nf5 20. g4 Nd6 21. c4 Nb7 22. h4 Rhd8 23. h5 h6 24. Be3 Bb4 25. f4 exf4 26. Bxf4 Rbc8 27. Rhg1 Nd6 28. Nxd6+ Bxd6 29. Bxd6 Rxd6 30. Ne4 Rxd1 31. Kxd1 Rd8+ 32. Kc2 Rd4 33. Nf2 c5 34. Rg3 Ke7 35. Kc3 Kd6 36. Rd3 Rxd3+ 37. Kxd3 f5 38. gxf5 Bxf5+ 39. Kd2 Ke5 40. Nd1 Bg4 41. Nb2 Bxh5 42. Nd3+ Kd4 43. Nf4 Bf7 44. Ne2+ Ke5 45. Nc3 h5 46. Ke3 h4 47. Kf3 g5 48. Nb5 Be6 49. Nc7 g4+ 50. Kg2 Bf5 51. Na6 Kd4 52. Kh2 Bc2 0-1

[Event "December 19 Early 2023"]
[Site "https://www.chess.com"]
[Date "2023.12.19"]
[Round "9"]
[White "Mohammadi, Melika"]
[Black "Nery Junior, Jose Antonio"]
[Result "1-0"]
[Board "128"]
[TimeControl "180+1"]
[WhiteFideId "42529271"]
[BlackFideId "2104822"]
[WhiteElo "1901"]
[BlackElo "2197"]
[WhiteTeam "IRI"]
[BlackTeam "BRA"]
[WhiteClock "0:00:10"]
[BlackClock "0:00:09"]

1. e4 c5 2. Nf3 d6 3. d4 cxd4 4. Nxd4 Nf6 5. Nc3 a6 6. f3 e6 7. Be3 b5 8. Qd2 Nbd7 9. g4 Nb6 10. g5 Nfd7 11. f4 Bb7 12. a3 Rc8 13. Bd3 Nc5 14. Rf1 Nc4 15. Bxc4 bxc4 16. Qg2 Qa5 17. O-O-O Rb8 18. f5 e5 19. Nde2 Bc6 20. Nd5 Na4 21. Bd2 Qd8 22. Nb4 Qb6 23. Bc3 Nxc3 24. Nxc3 h6 25. Nxc6 Qxc6 26. Nd5 c3 27. Nxc3 hxg5 28. Nd5 Qb7 29. b3 Be7 30. Qd2 g4 31. Nxe7 Qxe7 32. Rf2 Rd8 33. Rg2 Rh4 34. Qf2 Qg5+ 35. Kb1 Ke7 36. Rdg1 Rdh8 37. Qe2 Qf4 38. Rxg4 Rxg4 39. Rxg4 Rxh2 40. Rxf4 Rxe2 41. Rg4 Rxe4 42. Rxe4 Kf6 43. Ra4 Kxf5 44. Rxa6 d5 45. Rd6 d4 46. a4 f6 47. a5 g5 48. a6 g4 49. Rd8 g3 50. Rg8 Kf4 51. a7 e4 52. a8=Q f5 53. Qb8+ Ke3 54. Qxg3+ Ke2 55. Qg2+ Ke3 56. Rg3+ Kf4 57. Qf2+ Ke5 58. Rg5 e3 59. Qxf5+ Kd6 60. Rg6+ Ke7 61. Qf6+ Kd7 62. Qf7+ Kd8 63. Rg8# 1-0

[Event "December 19 Early 2023"]
[Site "https://www.chess.com"]
[Date "2023.12.19"]
[Round "9"]
[White "Himanshu, Sharma"]
[Black "Omariev, Maksim"]
[Result "0-1"]
[Board "129"]
[TimeControl "180+1"]
[WhiteFideId "5007836"]
[BlackFideId "4193423"]
[WhiteElo "2307"]
[BlackElo "2441"]
[WhiteTeam "IND"]
[BlackTeam "RUS"]
[WhiteClock "0:00:16"]
[BlackClock "0:00:05"]

1. d4 h5 2. Nc3 h4 3. e4 d6 4. Be3 h3 5. g3 e5 6. Qd2 Nc6 7. Nge2 Bg4 8. O-O-O Bf3 9. Rg1 Nf6 10. d5 Ne7 11. Qd3 Ng4 12. Qb5+ c6 13. Qxb7 c5 14. Nb5 Rc8 15. Nec3 f6 16. Bd3 Kf7 17. Qxa7 Ra8 18. Qc7 Qxc7 19. Nxc7 Rd8 20. Ne6 Rc8 21. Ba6 Ra8 22. Bb7 Rb8 23. Rde1 g6 24. Nb5 Bh6 25. Nxd6+ Kg8 26. Bxh6 Rxh6 27. Ba6 Nxh2 28. Nc4 Ng4 29. d6 Nc6 30. d7 Kf7 31. Nxc5 Ke7 32. Bc8 h2 33. Rgf1 h1=Q 34. Rxh1 Rxh1 35. Rxh1 Bxh1 36. Kd2 Nxf2 37. Ke3 Ng4+ 38. Kd3 f5 39. Ne3 Bxe4+ 40. Nxe4 fxe4+ 41. Kxe4 Nxe3 42. Kxe3 Rxb2 43. Ke4 Rxc2 44. Kd5 Nd8 45. Kxe5 Rxa2 46. Kf4 Rf2+ 47. Kg5 Rf6 48. g4 Rd6 49. Kh6 Nf7+ 50. Kg7 g5 51. Kh7 Ne5 52. Kg7 Nxg4 53. Kg8 Ne5 54. Kg7 Nxd7 55. Bxd7 Kxd7 0-1

[Event "December 19 Early 2023"]
[Site "https://www.chess.com"]
[Date "2023.12.19"]
[Round "9"]
[White "Martin Barcelo, Carles"]
[Black "Herman, Daniel"]
[Result "1-0"]
[Board "130"]
[TimeControl "180+1"]
[WhiteFideId "24561444"]
[BlackFideId "30935008"]
[WhiteElo "2135"]
[BlackElo "1897"]
[WhiteTeam "ESP"]
[BlackTeam "USA"]
[WhiteClock "0:00:06"]
[BlackClock "0:00:00"]

1. e4 d6 2. d4 Nf6 3. Bd3 e5 4. c3 Nc6 5. Nf3 Be7 6. h3 O-O 7. O-O Re8 8. Re1 Bf8 9. Nbd2 g6 10. Nf1 Bg7 11. Ng3 d5 12. exd5 Nxd5 13. dxe5 Nxe5 14. Nxe5 Rxe5 15. Rxe5 Bxe5 16. Bh6 Be6 17. Be4 c6 18. Qd2 Qc7 19. Ne2 Rd8 20. Rd1 Bf6 21. Qc2 Nb6 22. Rxd8+ Qxd8 23. b3 Nd7 24. Qd3 Nc5 25. Qxd8+ Bxd8 26. Bc2 Bf6 27. Be3 b6 28. Nd4 Bd7 29. c4 Kf8 30. Kf1 Ke7 31. Ke2 Ne6 32. Nxe6 Kxe6 33. Be4 Kd6 34. f4 Bg7 35. g4 f5 36. Bf3 Be6 37. Kd3 Bf6 38. Be2 fxg4 39. hxg4 c5 40. Bf3 Bf7 41. f5 gxf5 42. gxf5 h5 43. Bf4+ Be5 44. Bg5 a5 45. Ke4 Bg3 46. Bf4+ Bxf4 47. Kxf4 a4 48. Kg5 axb3 49. axb3 b5 50. Bxh5 Bg8 51. Be2 bxc4 52. Bxc4 Bh7 53. Kf6 1-0

[Event "December 19 Early 2023"]
[Site "https://www.chess.com"]
[Date "2023.12.19"]
[Round "9"]
[White "Recuero Guerra, Javier"]
[Black "Novak, Ratko"]
[Result "0-1"]
[Board "131"]
[TimeControl "180+1"]
[WhiteFideId "2254085"]
[BlackFideId "14511827"]
[WhiteElo "2208"]
[BlackElo "2036"]
[WhiteTeam "ESP"]
[BlackTeam "CRO"]
[WhiteClock "0:00:00"]
[BlackClock "0:01:27"]

1. e4 d5 2. exd5 c6 3. d4 cxd5 4. Bd3 Nc6 5. c3 g6 6. Qc2 f6 7. f4 e5 8. fxe5 fxe5 9. dxe5 Nxe5 10. Qe2 Qe7 11. Bb5+ Bd7 12. Bxd7+ Nxd7 13. Qxe7+ Bxe7 14. Nf3 Bc5 15. Nbd2 O-O-O 16. Nb3 Re8+ 17. Kd1 Ngf6 18. Nbd4 Ne4 19. Rf1 Rhf8 20. Be3 Ne5 21. Kc2 Nc4 22. Bg1 a6 23. b3 Na3+ 24. Kb2 Nb5 25. Nxb5 axb5 26. Bxc5 Nxc5 27. Rad1 Re2+ 28. Rd2 Re3 29. Kc2 Ne4 30. Rd3 Re2+ 31. Kd1 Rxg2 32. Kc1 Rxa2 33. Kb1 Rg2 34. Kc1 g5 35. Rxd5 g4 36. Nd2 Rxf1+ 37. Nxf1 Rg1 38. Rf5 Nxc3 39. Rf4 Ne2+ 0-1

[Event "December 19 Early 2023"]
[Site "https://www.chess.com"]
[Date "2023.12.19"]
[Round "9"]
[White "Buscar, Michael"]
[Black "Balla, Tamas-Kristof"]
[Result "1-0"]
[Board "133"]
[TimeControl "180+1"]
[WhiteFideId "2603616"]
[BlackFideId "1208497"]
[WhiteElo "2010"]
[BlackElo "2306"]
[WhiteTeam "CAN"]
[BlackTeam "ROU"]
[WhiteClock "0:00:16"]
[BlackClock "0:00:00"]

1. d4 d5 2. c4 e6 3. Nc3 c5 4. cxd5 exd5 5. Nf3 Nc6 6. g3 Nf6 7. Bg2 cxd4 8. Nxd4 Bc5 9. Nxc6 bxc6 10. O-O O-O 11. Na4 Bb6 12. b3 Re8 13. Ba3 Ba6 14. Re1 Rb8 15. Nxb6 axb6 16. Rc1 Qd7 17. e3 c5 18. Bb2 Ne4 19. Qh5 Rbd8 20. Red1 Qe6 21. Bh3 Qd6 22. Bf5 h6 23. Qg4 Nf6 24. Qf3 Bb7 25. Qf4 Qe7 26. Bb1 Nh7 27. Qf5 Ng5 28. h4 Bc8 29. Qc2 Ne4 30. f3 Qd6 31. fxe4 Qxg3+ 32. Qg2 Qxe3+ 33. Kh1 d4 34. Rd3 Qf4 35. Rg1 Qxh4+ 36. Qh2 Qxe4+ 37. Qg2 Qe5 38. Rg3 Qh5+ 39. Qh2 Qxh2+ 40. Kxh2 g6 41. Bc1 Kg7 42. Bd3 Be6 43. R1g2 Bd5 44. Rf2 Re7 45. Bd2 Rde8 46. Rh3 h5 47. Rg3 Re6 48. Rg5 Re5 49. Rg3 h4 50. Rh3 Rh5 51. Rf4 g5 52. Rf5 Be6 53. Rxg5+ Rxg5 54. Bxg5 Bxh3 55. Kxh3 f6 56. Bf4 Re7 57. Kxh4 Kf7 58. Kg4 Ra7 59. a4 Ra8 60. Kf3 Re8 61. Bc4+ Ke7 62. Bc7 Kd7 63. Bxb6 Rb8 64. Bxc5 Kc6 65. Bxd4 Rd8 66. Bc3 Rd1 67. Ke3 Rc1 68. Kd2 Rh1 69. Bxf6 Rh2+ 70. Kc3 Rh3+ 71. Kb4 Kb7 72. Bd4 Rh4 73. Bc5 Rh5 74. a5 Ka8 75. a6 Rh6 76. a7 Rh5 77. Kb5 Rg5 78. b4 Rf5 79. Bd3 Re5 80. Bf1 Rg5 81. Bc4 Re5 82. Kc6 Rf5 83. Bd5 1-0

[Event "December 19 Early 2023"]
[Site "https://www.chess.com"]
[Date "2023.12.19"]
[Round "9"]
[White "Cansun, Can Alp"]
[Black "Ruge, Edison"]
[Result "0-1"]
[Board "134"]
[TimeControl "180+1"]
[WhiteFideId "6390188"]
[BlackFideId "4401000"]
[WhiteElo "2031"]
[BlackElo "2175"]
[WhiteTeam "TUR"]
[BlackTeam "COL"]
[WhiteClock "0:00:00"]
[BlackClock "0:00:03"]

1. d4 d5 2. c4 e5 3. dxe5 d4 4. Nf3 Nc6 5. g3 Bg4 6. Bg2 Qd7 7. Nbd2 Rd8 8. Nb3 Bb4+ 9. Bd2 Bxd2+ 10. Qxd2 Bxf3 11. Bxf3 Nxe5 12. Bxb7 c6 13. Ba6 Nf6 14. Rd1 O-O 15. O-O Qh3 16. f3 Rfe8 17. Qg5 d3 18. e4 h6 19. Qe3 Nfg4 20. Qd2 Nf6 21. Qg2 Qh5 22. Rd2 Nfd7 23. Nc1 Nc5 24. f4 Ng6 25. g4 Qh4 26. h3 Nxa6 27. Rxd3 Nc5 28. Rxd8 Rxd8 29. b3 Nd3 30. Nxd3 Rxd3 31. Rf3 Rd1+ 32. Kh2 Qe1 33. Qf2 Rd2 0-1

[Event "December 19 Early 2023"]
[Site "https://www.chess.com"]
[Date "2023.12.19"]
[Round "9"]
[White "Filippova, Margarita"]
[Black "Delorme, Axel"]
[Result "0-1"]
[Board "135"]
[TimeControl "180+1"]
[WhiteFideId "34199680"]
[BlackFideId "632023"]
[WhiteElo "1916"]
[BlackElo "2478"]
[WhiteTeam "RUS"]
[BlackTeam "FRA"]
[WhiteClock "0:01:18"]
[BlackClock "0:00:44"]

1. e4 c5 2. Nf3 d6 3. d4 cxd4 4. Qxd4 Nf6 5. Nc3 Nc6 6. Bb5 Bd7 7. Bxc6 Bxc6 8. Bg5 e6 9. O-O-O Be7 10. Qd3 Qa5 11. Kb1 O-O 12. h4 b5 13. Nd4 Rfc8 14. Ndxb5 Rab8 15. Nd4 Be8 16. Nb3 Qc7 17. f4 a5 18. a4 Rb4 19. Rhe1 Bxa4 20. Nxa4 Rxa4 21. f5 Rc4 22. fxe6 fxe6 23. Nd4 Rxd4 24. Qxd4 Qxc2+ 25. Ka2 Rc4 26. Bxf6 Bxf6 27. e5 Qa4+ 28. Kb1 Rxd4 29. Rxd4 Qxd4 30. exf6 Qxf6 0-1

[Event "December 19 Early 2023"]
[Site "https://www.chess.com"]
[Date "2023.12.19"]
[Round "9"]
[White "Dilmukhametov, Artur"]
[Black "Dwilewicz, Katarzyna"]
[Result "0-1"]
[Board "136"]
[TimeControl "180+1"]
[WhiteFideId "24179922"]
[BlackFideId "1148486"]
[WhiteElo "2176"]
[BlackElo "2098"]
[WhiteTeam "RUS"]
[BlackTeam "POL"]
[WhiteClock "0:00:00"]
[BlackClock "0:00:36"]

1. e4 c5 2. d4 cxd4 3. c3 dxc3 4. Nxc3 Nc6 5. Nf3 d6 6. Bc4 e6 7. O-O Nf6 8. Qe2 Be7 9. Rd1 e5 10. Bb5 O-O 11. Bxc6 bxc6 12. Nxe5 Qc7 13. Nf3 Bg4 14. h3 Bh5 15. Bf4 Rfe8 16. Rac1 Bf8 17. Bg5 Qe7 18. g4 Bg6 19. e5 dxe5 20. Nh4 Qe6 21. Nxg6 hxg6 22. Ne4 Nd5 23. Qc4 Rac8 24. Re1 f6 25. Bh4 g5 26. Bg3 Nf4 27. Bxf4 gxf4 28. Qa4 Rc7 29. Red1 g6 30. Qc2 Kf7 31. a3 Be7 32. Rd3 c5 33. Rc3 Rec8 34. b4 c4 35. Nd2 f5 36. gxf5 Qxf5 37. Qxf5+ gxf5 38. Rxc4 Rxc4 39. Rxc4 Rxc4 40. Nxc4 e4 41. Kg2 Ke6 42. b5 Kd5 0-1

[Event "December 19 Early 2023"]
[Site "https://www.chess.com"]
[Date "2023.12.19"]
[Round "9"]
[White "Marinakis, Hristos"]
[Black "Ovezdurdyyeva, Jemal"]
[Result "1-0"]
[Board "137"]
[TimeControl "180+1"]
[WhiteFideId "4294661"]
[BlackFideId "14001888"]
[WhiteElo "2306"]
[BlackElo "2086"]
[WhiteTeam "GRE"]
[BlackTeam "TKM"]
[WhiteClock "0:00:34"]
[BlackClock "0:00:19"]

1. e4 d6 2. Nf3 Nf6 3. Nc3 c6 4. h3 g6 5. d4 b5 6. a3 Bg7 7. Bd3 O-O 8. O-O Nbd7 9. Bf4 a6 10. Qe2 Nb6 11. Rad1 Nfd7 12. e5 dxe5 13. dxe5 e6 14. Ne4 c5 15. Bg5 Qc7 16. Nf6+ Kh8 17. c3 h6 18. Nxd7 Nxd7 19. Bf4 Bb7 20. Qe3 Bxf3 21. Qxf3 Bxe5 22. Bxh6 Bg7 23. Bf4 e5 24. Bc1 Rae8 25. Bb1 Nb6 26. Rfe1 f5 27. Qg3 Qf7 28. Rd6 Re6 29. Red1 Nc4 30. Rd7 Re7 31. Qh4+ Kg8 32. Rxe7 1-0

[Event "December 19 Early 2023"]
[Site "https://www.chess.com"]
[Date "2023.12.19"]
[Round "9"]
[White "Limontaite, Simona"]
[Black "Matveeva, Olga"]
[Result "1/2-1/2"]
[Board "138"]
[TimeControl "180+1"]
[WhiteFideId "12802506"]
[BlackFideId "24107018"]
[WhiteElo "2092"]
[BlackElo "1883"]
[WhiteTeam "LTU"]
[BlackTeam "RUS"]
[WhiteClock "0:00:40"]
[BlackClock "0:00:15"]

1. d4 d5 2. c4 e6 3. Nc3 Nf6 4. e3 Be7 5. Nf3 O-O 6. cxd5 exd5 7. Bd3 c6 8. h3 Re8 9. O-O Nbd7 10. Rb1 a5 11. Ne5 Nxe5 12. dxe5 Nd7 13. f4 Nc5 14. Bc2 Bf8 15. Qf3 a4 16. Rd1 Qb6 17. Kh1 g6 18. Bd2 Qc7 19. Be1 b5 20. Bh4 b4 21. Ne2 b3 22. axb3 axb3 23. Bd3 Nxd3 24. Rxd3 Bf5 25. Rbd1 Bxd3 26. Rxd3 Ra1+ 27. Kh2 Qb6 28. Bf6 Ra2 29. Rd2 Rea8 30. f5 Qb4 31. Rd4 Qe1 32. fxg6 fxg6 33. Bh4 Qb1 34. e4 Rxb2 35. Qf6 Rxe2 36. Qe6+ Kh8 37. Bf6+ Bg7 38. Bxg7+ Kxg7 39. Qe7+ Kg8 40. Qe6+ Kg7 41. Qe7+ Kg8 42. Qe6+ Kg7 1/2-1/2

[Event "December 19 Early 2023"]
[Site "https://www.chess.com"]
[Date "2023.12.19"]
[Round "9"]
[White "Petrukhina, Olga"]
[Black "Wael Sabry, Mina"]
[Result "1-0"]
[Board "139"]
[TimeControl "180+1"]
[WhiteFideId "13703935"]
[BlackFideId "10670173"]
[WhiteElo "1991"]
[BlackElo "1861"]
[WhiteTeam "KAZ"]
[BlackTeam "EGY"]
[WhiteClock "0:00:17"]
[BlackClock "0:01:12"]

1. d4 Nf6 2. c4 g6 3. Nc3 Bg7 4. Nf3 d6 5. Bg5 O-O 6. e3 c5 7. d5 a6 8. a4 Nbd7 9. Be2 Rb8 10. O-O Nb6 11. Qc2 h6 12. Bh4 Na8 13. e4 Nc7 14. h3 e5 15. dxe6 Nxe6 16. Rfd1 Qe7 17. Nd5 Qd8 18. e5 dxe5 19. Nxf6+ Qxf6 20. Bxf6 Bxf6 21. Bd3 Nf4 22. Be4 Bg7 23. Bd5 Kh7 24. Re1 Nxd5 25. cxd5 Bf5 26. Qxc5 Rfe8 27. d6 e4 28. Nd4 Bd7 29. Qb4 b5 30. axb5 Bxb5 31. Nxb5 Rxb5 32. Qa4 Re6 33. d7 Rd6 34. Red1 Rbd5 35. Rxd5 Rxd5 36. Rd1 1-0

[Event "December 19 Early 2023"]
[Site "https://www.chess.com"]
[Date "2023.12.19"]
[Round "9"]
[White "Marchesich, Giovanni"]
[Black "Fernandez Sanchez, Mario Andres"]
[Result "1-0"]
[Board "140"]
[TimeControl "180+1"]
[WhiteFideId "2824790"]
[BlackFideId "6501621"]
[WhiteElo "2198"]
[BlackElo "2050"]
[WhiteTeam "ITA"]
[BlackTeam "CRC"]
[WhiteClock "0:00:17"]
[BlackClock "0:00:00"]

1. e4 c5 2. Nf3 Nc6 3. Nc3 g6 4. d4 cxd4 5. Nxd4 Bg7 6. Be3 Nf6 7. Nb3 O-O 8. f3 d6 9. Qd2 a5 10. a4 Nb4 11. O-O-O Be6 12. Nd4 Rc8 13. Nxe6 fxe6 14. Kb1 d5 15. e5 Nd7 16. f4 Nc5 17. Bxc5 Rxc5 18. g3 Qb6 19. Bd3 Rfc8 20. Nb5 Na6 21. c3 R5c6 22. h4 Nc5 23. Bc2 Kf7 24. h5 Rh8 25. hxg6+ hxg6 26. Rxh8 Bxh8 27. Rh1 Bg7 28. Qe2 Qd8 29. Qg4 Ne4 30. Rh2 Rc4 31. Bb3 Rc8 32. Nd4 Qb6 33. Re2 Nxc3+ 34. bxc3 Rxc3 35. Rd2 Rxb3+ 36. Nxb3 Qxb3+ 37. Kc1 Qxa4 38. Qd1 Qa1+ 39. Kc2 Qa2+ 40. Kc1 Qa1+ 41. Kc2 Qa2+ 42. Kd3 Qc4+ 43. Ke3 g5 44. Rd4 Qc3+ 45. Rd3 Qc5+ 46. Rd4 Qc3+ 47. Kf2 b5 48. Rd3 Qc5+ 49. Kg2 gxf4 50. gxf4 a4 51. Rg3 Qc8 52. Qh5+ Kg8 53. Qg6 Qc2+ 54. Qxc2 1-0